 Dungeon Crawl Stone Soup version 0.31-a0-331-geda263fcf1 (webtiles) character file.

Game seed: 6578589298956493836

7 bmack86 the Shield-Bearer (level 1, -4/19 HPs)
             Began as a Minotaur Fighter on July 19, 2023.
             Slain by a worm (9 damage)
             ... on level 1 of the Dungeon.
             The game lasted 00:00:44 (221 turns).

bmack86 the Shield-Bearer (Minotaur Fighter)         Turns: 221, Time: 00:00:45

Health: -4/19      AC:  8    Str: 20    XL:     1   Next: 91%
Magic:  0/0        EV:  9    Int:  5    God:
Gold:   24         SH:  4    Dex:  9    Spells: 0/0 levels left

rFire   . . .        a - +0 war axe
rCold   . . .        c - +0 buckler
rNeg    . . .        b - +0 scale mail
rPois   .            (helmet restricted)
rElec   .            (no cloak)
rCorr   .            g - +0 pair of gloves
SInv    .            (no boots)
Will    .....        (no amulet) Stlth
                     (no ring)
HPRegen 0.23/turn    (no ring)
MPRegen 0.07/turn

%: no passive effects
@: no status effects
A: horns 2, retaliatory headbutt
a: no special abilities


You were on level 1 of the Dungeon.
You visited 1 branch of the dungeon, and saw 1 of its levels.

You collected 24 gold pieces.

Inventory:

Hand Weapons
 a - a +0 war axe (weapon)
Armour
 b - a +0 scale mail (worn)
 c - a +0 buckler (worn)
 g - a +0 pair of gloves (worn)
Scrolls
 e - a scroll of fear {unknown}
 h - a scroll of immolation {unknown}
Potions
 d - a potion of might
 f - a potion of haste {unknown}


   Skills:
 - Level 3.6 Fighting
 + Level 3.3 Axes
 - Level 3.6 Armour
 - Level 3.6 Shields


You couldn't memorise any spells.
You didn't know any spells.
Your spell library was empty.

Dungeon Overview and Level Annotations

Branches:
Dungeon (1/15)

Altars:


Innate Abilities, Weirdness & Mutations

You have a pair of horns on your head.
You reflexively headbutt those who attack you in melee.


Message History

You see here a frilled lizard corpse.
You see here a frilled lizard corpse.
A bat comes into view.
You block the bat's attack.
You slash the bat!
You kill the bat!
You see here a bat corpse.
Found a stone staircase leading down.
A worm comes into view.
The worm falls through a shaft!
The shaft crumbles and collapses.
A worm, an endoplasm and a rat come into view.
Found 8 stones and 13 gold pieces.
Found a stone staircase leading down.
The endoplasm quivers.
A quokka comes into view.
The worm bites you!
You completely miss the worm. You headbutt the worm.
The worm is lightly wounded.
You hit the endoplasm but do no damage. You closely miss the rat.
You block the worm's attack. You block the rat's attack.
The endoplasm hits you but does no damage.
You hit the worm.
The worm is moderately wounded.
You hit the endoplasm. You barely miss the rat. The rat barely misses you.
You furiously retaliate!
You headbutt the rat.
You kill the rat!
The endoplasm freezes you.
You are frozen.
The worm bites you.
The quokka bites you but does no damage.
You block the endoplasm's attack.
You hit the endoplasm.
You kill the endoplasm!
You hit the worm. You miss the quokka. You block the quokka's attack.
The worm bites you.
* * * LOW HITPOINT WARNING * * *
The quokka bites you but does no damage.
The quokka closely misses you. You furiously retaliate!
You headbutt the quokka!
You kill the quokka!
The worm bites you!
You die...

#.#######...#
##...######..# .#
.............. #.##
####.####.####
##...## #.####>#
##.....##
#.#....#####.....$.##
#.#...###.#.....^...#
#.#...##..#†w.>.....#
#........#...@..^(...
##..#######..^.......
#.## #........^# ###
##.^.....## ##.....##
###.### ##


You could see a worm.

Vanquished Creatures
  2 bats (D:1)
  An endoplasm (D:1)
  A kobold (D:1)
  A quokka (D:1)
  A ball python (D:1)
  A frilled lizard (D:1)
  2 rats (D:1)
9 creatures vanquished.

Notes
Turn   | Place    | Note
-------+----------+-------------------------------------------
     0 | D:1      | bmack86 the Minotaur Fighter began the quest for the Orb.
     0 | D:1      | Reached XP level 1. HP: 19/19 MP: 0/0
   221 | D:1      | Slain by a worm

Illustrated notes

Levels and vault maps discovered:
D:1:      saegor_arrival_simple_b, layout_rooms, corexii_leaking_fountain,
          nicolae_wormholes

Skill      XL: |  1 |
---------------+----+-----
Axes           | 3 |  3.3
Fighting       | |  3.6
Armour         | |  3.6
Shields        | |  3.6

Action                     || total
---------------------------++-------
  Melee: War axe           ||    14
         Headbutt          ||     2
 Armour: Scale mail        ||    14
  Dodge: Dodged            ||     8
  Block: Buckler           ||    13

Table legend: (Time is in decaauts)
 A = Elapsed time spent in this place.
 B = Non-inter-level travel time spent in this place.
 C = Inter-level travel time spent in this place.
 D = Time resting spent in this place.
 E = Time spent auto-exploring this place.
 F = Levels seen in this place.
 G = Mean time per level.
                   A        B        C        D        E       F      G
               +--------+--------+--------+--------+--------+-----+--------+
         Total |    226 |    226 |      0 |      0 |    112 |   1 |  226.0 |
       Dungeon |    226 |    226 |      0 |      0 |    112 |   1 |  226.0 |
               +--------+--------+--------+--------+--------+-----+--------+

Top non-repeatable levels by time:
     D:1: 226 daAuts
